 Dungeon Sprint DCSS version 0.27-a0-1189-gb8eb6cee8e (webtiles) character file.

Game seed: 4995177655265158732

307 mhtbhm the Arsonist (level 6, -1/32 HPs)
             Began as a Gargoyle Fire Elementalist on May 22, 2021.
             Was a Priest of Vehumet.
             Shot with an arrow by a deep elf archer (23 damage)
             ... while paralysed by an orc sorcerer
             ... in the Dungeon (Sprint V: "Ziggurat Sprint").
             The game lasted 00:02:07 (373 turns).

mhtbhm the Arsonist (Gargoyle Fire Elementalist)     Turns: 373, Time: 00:02:08

Health: -1/32      AC: 10    Str: 11    XL:     6   Next: 40%
Magic:  7/14       EV:  2    Int: 34    God:    Vehumet [***...]
Gold:   0          SH:  0    Dex: 14    Spells: 0/16 levels left

rFire    + . .     SeeInvis .   C - +8 lance "Wyrmbane" {slay drac, rPois rF+ rC+ AC+3}
rCold    + . .     Faith    .   (no shield)
rNeg     + . .     Spirit   .   a - +1 robe of the Original Sin {Int+4 Dex+4}
rPois    ∞         Reflect  .   (no helmet)
rElec    +         Harm     .   (no cloak)
rCorr    .         Rampage  .   (no gloves)
Will     .....     NoTele   +   (no boots)
Stlth    +++.......             (no amulet)
HPRegen  0.10/turn              u - +6 ring of intelligence
MPRegen  0.14/turn              v - +6 ring of intelligence

@: paralysed, very slightly contaminated, studying Fighting
A: sickness immunity, AC +4, negative energy resistance 1, electricity
resistance, torment resistance 1, petrification resistance
a: Renounce Religion


You were in the Dungeon.
You worshipped Vehumet.
Vehumet was most pleased with you.
You visited 1 branch

Inventory:

Hand Weapons
 C - the +8 lance "Wyrmbane" (weapon) {slay drac, rPois rF+ rC+ AC+3}
   (You found it in the Dungeon)

   It affects your AC (+3).
   It protects you from fire.
   It protects you from cold.
   It protects you from poison.
Armour
 a - the +1 robe of the Original Sin (worn) {Int+4 Dex+4}
   (You found it in the Dungeon)

   It affects your intelligence (+4).
   It affects your dexterity (+4).
Jewellery
 r - a ring of protection from fire
 s - a ring of willpower
 u - a +6 ring of intelligence (left hand)
 v - a +6 ring of intelligence (right hand)
Wands
 y - a wand of mindburst (7)
 z - a wand of iceblast (7)
 A - a wand of acid (7)
Scrolls
 h - 4 scrolls of blinking
 m - 4 scrolls of amnesia
 n - 7 scrolls of fog
 o - a scroll of holy word
 p - 5 scrolls of identify
 q - 2 scrolls of fear
Potions
 b - 2 potions of brilliance
 c - 10 potions of curing
 d - 10 potions of heal wounds
 e - 6 potions of haste
 f - 7 potions of magic
 g - 3 potions of berserk rage
 i - 2 potions of invisibility
 j - 4 potions of resistance
 k - a potion of experience
 l - 5 potions of might
Miscellaneous
 t - a piece from Xom's chessboard (15/15)
 B - a lightning rod (3/4)


   Skills:
 + Level 4.0 Dodging
 + Level 5.0 Stealth
 + Level 5.8 Spellcasting
 + Level 2.5 Conjurations
 + Level 9.8 Fire Magic
 + Level 1.7 Evocations


You couldn't memorise any spells.
You knew the following spells:

 Your Spells              Type           Power      Damage    Failure   Level
a - Foxfire               Conj/Fire      100%       2x1d9     1%          1
b - Conjure Flame         Conj/Fire      51%        6-21      1%          3
c - Inner Flame           Hex/Fire       43%        N/A       1%          3
d - Sticky Flame          Conj/Fire      51%        2d7       1%          4
e - Fireball              Conj/Fire      25%        3d11      2%          5

Your spell library contained the following spells:

 Spells                   Type           Power      Damage    Failure   Level
 Shock                    Conj/Air       72%        1d7       1%          1


Dungeon Overview and Level Annotations

Branches:
Dungeon (1/1)

Altars:
Ashenzari
Cheibriados
Dithmenos
Elyvilon
Fedhas
Gozag
Hepliaklqana
Kikubaaqudgha
Makhleb
Nemelex Xobeh
Okawaru
Qazlal
Ru
Sif Muna
Trog
Uskayaw
Vehumet
Wu Jian
Xom
Yredelemnul
Zin
The Shining One
Beogh
Jiyva
Lugonu

Annotations:
D 1 transporter


Innate Abilities, Weirdness & Mutations

You are immune to sickness and miasma.
Your stone body is resilient. (AC +4)
You are immune to poison.
You resist negative energy. (rN+)
You are resistant to electric shocks. (rElec)
You are resistant to unholy torment.
You are immune to petrification.


Message History

The deep elf zephyrmancer blinks!
The orc sorcerer shouts!
Unknown command.
Unknown command.
Casting: Fireball (extremely dangerous; 9% risk of failure)
Confirm with . or Enter, or press ? or * to list all spells.
The spell is extremely dangerous to cast (9% risk of failure)!
Continue anyway?
Aiming: Fireball (extremely dangerous; 9% risk of failure)
Press: ? - help, Shift-Dir - straight line, f/p - orc sorcerer
Aim: an orc sorcerer, wielding a +0 dagger and wearing a +2 robe of willpower The fireball explodes!
The fireball engulfs the blink frog!!
The blink frog is severely wounded.
The fireball engulfs the deep elf archer!
The deep elf archer is moderately wounded.
The fireball engulfs the orc sorcerer!
The orc sorcerer is moderately wounded.
Unknown command.
Unknown command.
Unknown command.
Casting: Fireball (extremely dangerous; 9% risk of failure)
Confirm with . or Enter, or press ? or * to list all spells.
You don't have enough magic to cast this spell.
Aiming: Thunderbolt
Press: ? - help, Shift-Dir - straight line, p - orc sorcerer The thunderbolt hits the blink frog!
You kill the blink frog!
Vehumet accepts your kill. Vehumet offers you knowledge of Shock.
Vehumet is now aiding your destructive spells.
You feel your power returning.
The blink frog's shape twists and changes as it dies.
The thunderbolt hits the deep elf archer!
The deep elf archer is heavily wounded.
The orc sorcerer casts a spell at you.
You suddenly lose the ability to move!
The deep elf archer unwields a +0 dagger.
The deep elf archer wields a +0 longbow.
The deep elf archer shoots an arrow.
The arrow hits you!!
Ouch! That really hurt!
You die...

▓..©..▓..©..▓▓▓▓▓▓▓
▓▓▓▓▓▓▓▓▓▓▓▓▓▓
▓..8©8...▓
▓e.):)...▓
▓...o....▓
▓....e...▓
▓...†....▓
▓........▓
▓...@....▓
▓▓▓▓▓▓▓▓▓▓


You could see a deep elf archer (repels missiles), a deep elf zephyrmancer and
an orc sorcerer.

Vanquished Creatures
  A blink frog (shapeshifter) (D)
  A floating eye (D)
  A necrophage (D)
  2 jellies (D)
  2 iguanas (D)
  An adder skeleton (D)
  An endoplasm (D)
  A jackal (D)
10 creatures vanquished.

Vanquished Creatures (others)
  25 foxfires (D)
25 creatures vanquished.

Grand Total: 35 creatures vanquished

Notes
Turn   | Place    | Note
-------+----------+-------------------------------------------
     0 | D        | mhtbhm the Gargoyle Fire Elementalist began the quest for
                  | the Orb.
     0 | D        | Reached XP level 1. HP: 10/10 MP: 3/3
     0 | D        | Found a shimmering blue altar of Sif Muna.
     0 | D        | Found a bloodstained altar of Trog.
     0 | D        | Found a sacrificial altar of Ru.
     0 | D        | Found a stormy altar of Qazlal.
     0 | D        | Found an iron altar of Okawaru.
     1 | D        | Found a sparkling altar of Nemelex Xobeh.
     1 | D        | Found a blossoming altar of Fedhas.
     2 | D        | Found the +6 Majin-Bo {vamp, MP+6 Int+6}
     2 | D        | Found the +9 heavy crossbow "Sniper" {vorpal, Acc+∞ SInv}
     2 | D        | Found the +10 dark maul {vorpal}
     2 | D        | Found the +15 Maxwell's patent armour {-Cast -Tele rElec
                  | Will+ rCorr}
     2 | D        | Found the +18 shield of the Gong {rElec rN+ Will+ EV-5}
     2 | D        | Found the +14 obsidian axe {vorpal, Drain Fly SInv}
     2 | D        | Found the +7 great mace "Firestarter" {inner flame, rF++}
     2 | D        | Found the +6 shillelagh "Devastator" {shatter}
     2 | D        | Found the +11 plutonium sword {Contam Stlth-}
     2 | D        | Found the +8 lance "Wyrmbane" {slay drac, rPois rF+ rC+
                  | AC+3}
     2 | D        | Found the +9 sword of Zonguldrok {reap}
     2 | D        | Found the +13 scythe of Curses {drain, Drain}
     2 | D        | Found the +5 sword of Power {vorpal}
     2 | D        | Found the +7 mace of Variability {chain chaos}
     2 | D        | Found the +7 Singing Sword {vorpal, sonic wave}
     2 | D        | Found the +8 storm bow {elec, penet}
     3 | D        | Found a transporter.
     3 | D        | Found an ancient bone altar of Kikubaaqudgha.
     3 | D        | Found a viscous altar of Jiyva.
     3 | D        | Found a corrupted altar of Lugonu.
     3 | D        | Found a hazy altar of Hepliaklqana.
     3 | D        | Found a burning altar of Makhleb.
     3 | D        | Found an opulent altar of Gozag.
    35 | D        | Became a worshipper of Vehumet
    59 | D        | Entered arena 2.
    59 | D        | Noticed a necrophage
    59 | D        | Found a transporter.
    63 | D        | Killed a necrophage
    64 | D        | Reached skill level 6 in Fire Magic
    64 | D        | Reached XP level 2. HP: 15/15 MP: 1/6
    64 | D        | Reached XP level 3. HP: 19/19 MP: 1/8
    64 | D        | Reached XP level 4. HP: 24/24 MP: 1/9
    65 | D        | Reached skill level 7 in Fire Magic
   198 | D        | Got the +2 helmet "Noademuhux" {-Cast Harm rPois Will+++}
   207 | D        | Learned a level 3 spell: Conjure Flame
   211 | D        | Learned a level 3 spell: Inner Flame
   211 | D        | Entered arena 3.
   211 | D        | Found a transporter.
   215 | D        | Reached * piety under Vehumet
   215 | D        | Offered knowledge of Freeze by Vehumet.
   217 | D        | Reached XP level 5. HP: 28/28 MP: 4/11
   221 | D        | Reached skill level 8 in Fire Magic
   310 | D        | Got the +1 robe of the Original Sin {Int+4 Dex+4}
   321 | D        | Learned a level 4 spell: Sticky Flame
   322 | D        | Entered arena 4.
   322 | D        | Noticed a floating eye
   322 | D        | Found a transporter.
   325 | D        | Killed a floating eye
   325 | D        | Reached ** piety under Vehumet
   326 | D        | Reached skill level 5 in Stealth
   326 | D        | Reached skill level 5 in Spellcasting
   326 | D        | Reached skill level 9 in Fire Magic
   326 | D        | Reached skill level 1 in Evocations
   326 | D        | Reached XP level 6. HP: 32/32 MP: 11/14
   369 | D        | Learned a level 5 spell: Fireball
   370 | D        | Entered arena 5.
   370 | D        | Noticed a blink frog
   370 | D        | Noticed a deep elf zephyrmancer
   370 | D        | Noticed a deep elf archer
   370 | D        | Noticed an orc sorcerer
   370 | D        | Found a transporter.
   373 | D        | Killed a blink frog
   373 | D        | Offered knowledge of Shock by Vehumet.
   373 | D        | Reached *** piety under Vehumet
   373 | D        | Paralysed by an orc sorcerer for 6 turns
   373 | D        | Shot with an arrow by a deep elf archer

Illustrated notes

Levels and vault maps discovered:
D:        sprint_v [room_start, room_1, room_2, room_3, room_4, room_5, room_6,
          room_7, room_8, room_9, room_10, room_11, room_12, room_13, room_14,
          room_15, room_16, room_17, room_18, room_19, room_20, room_21,
          room_22, room_23, room_24, room_25, room_26, room_27]

Skill      XL: |  1  2  3  4  5 |
---------------+----------------+-----
Dodging        | 2 3 4 |  4.0
Stealth        | 3 5 |  5.0
Spellcasting   | 3 4 5 |  5.8
Fire Magic     | 6 7 9 |  9.8
Conjurations   | 2 |  2.5
Evocations     | 1 |  1.7

Action                   |  1- 3 |  4- 6 || total
-------------------------+-------+-------++-------
 Cast: Foxfire           |     2 |    12 ||    14
       Fireball          |       |     1 ||     1
Evoke: Lightning rod     |     2 |     5 ||     7
Dodge: Dodged            |       |     1 ||     1

Table legend: (Time is in decaauts)
 A = Elapsed time spent in this place.
 B = Non-inter-level travel time spent in this place.
 C = Inter-level travel time spent in this place.
 D = Time resting spent in this place.
 E = Time spent auto-exploring this place.
 F = Levels seen in this place.
 G = Mean time per level.
                   A        B        C        D        E       F      G
               +--------+--------+--------+--------+--------+-----+--------+
         Total |    371 |    371 |      0 |    224 |      0 |   1 |  371.0 |
       Dungeon |    371 |    371 |      0 |    224 |      0 |   1 |  371.0 |
               +--------+--------+--------+--------+--------+-----+--------+

Top non-repeatable levels by time:
       D: 371 daAuts
